Map: Old Republic LE

Players

HoldTheDoor - Winner!

  • Race: Protoss Protoss
  • League: Diamond
  • Spawn Location: 7:00

BMKDjoDjo

  • Race: Terran Terran
  • League: Diamond
  • Spawn Location: 1:00

VOD

Have the link to the VOD?

Description

Time

  • Played on: May 5, 2026, 11:18 a.m.
  • Length: 9:20
Show
View Real Time Build Order
Export as new Build Order

HoldTheDoor Protoss - Winner!

Build Orders: 1 Gate Expand 

Get SALT Encoding   

  12  0:00  Probe  
  13  0:12  Probe  
  14  0:17  Pylon  
  14  0:24  Probe  
  15  0:32  Probe  
  15  0:38  Gateway  
  15  0:40  Probe  
  16  0:49  Assimilator  
  17  0:50  Probe  
  18  1:02  Probe  
  19  1:11  Pylon  
  19  1:15  Probe  
  20  1:29  Nexus  
  20  1:31  Probe  
  21  1:39  Assimilator  
  21  1:44  Cybernetics Core  
  21  1:47  Probe  
  22  2:00  Probe  
  23  2:02  Pylon  
  23  2:10  Adept  
  23  2:20  Probe  
  26  2:23  Warp Gate  
  26  2:28  Shield Battery  
  26  2:32  Probe  
  27  2:40  Sentry  
  27  2:42  Probe  
  30  2:44  Probe  
  31  2:52  Shield Battery  
  31  2:54  Robotics Facility  
  31  2:55  Probe  
  32  2:59  Probe  
  33  3:12  Probe x2  
  35  3:20  Gateway  
  35  3:23  Twilight Council  
  35  3:24  Probe x2  
  37  3:29  Adept  
  39  3:36  Probe  
  39  3:40  Charge  
  40  3:41  Probe  
  40  3:48  Probe  
  42  3:54  Probe  
  43  4:00  Pylon  
  43  4:04  Pylon, Probe  
  43  4:06  Immortal  
  43  4:09  Pylon  
  44  4:18  Gateway  
  44  4:19  Gateway  
  48  4:24  Zealot x2  
  52  4:37  Immortal  
  52  4:45  Zealot x2  
  60  4:54  Probe  
  60  4:55  Probe  
  60  4:56  Pylon  
  60  4:59  Gateway  
  62  5:02  Gateway  
  62  5:03  Gateway  
  62  5:05  Pylon  
  62  5:10  Zealot x2  
  66  5:15  Zealot  
  66  5:16  Zealot, Observer  
  71  5:33  Stalker x2  
  75  5:42  Zealot x2  
  66  6:00  Zealot  
  66  6:01  Zealot x4  
  68  6:17  Stalker x2  
  72  6:28  Stalker x2  
  72  6:30  Sentry  
  72  6:31  Nexus  
  78  6:32  Pylon  
  78  6:34  Pylon  
  78  6:37  Pylon  
  78  6:40  Pylon  
  76  6:54  Robotics Bay  
  76  6:58  Gateway  
  76  6:59  Gateway  
  76  7:01  Robotics Facility  
  76  7:02  Pylon, Observer  
  76  7:06  Pylon  
  77  7:09  Pylon  
  77  7:12  Forge  
  77  7:18  Gateway  
  77  7:20  Gateway  
  77  7:23  Assimilator  
  77  7:30  Immortal  
  77  7:35  Pylon  
  81  7:38  Zealot  
  81  7:39  Zealot  
  81  7:41  Sentry  
  87  7:46  Probe x3  
  90  7:53  Assimilator  
  90  7:55  Pylon  
  90  7:58  Photon Cannon, Probe  
  90  8:00  Probe  
  90  8:03  Probe  
  81  8:31  Zealot x3  
  81  8:32  Zealot x6  
  93  8:35  Shield Battery  
  93  8:38  Shield Battery  
  93  8:43  Probe x2  
  93  8:44  Probe  
  97  8:55  Probe  
  103  9:09  Zealot x5  
Show
View Real Time Build Order
Export as new Build Order

BMKDjoDjo Terran 

Build Orders:  

Get SALT Encoding   

  12  0:00  SCV  
  13  0:12  SCV  
  14  0:18  Supply Depot  
  14  0:24  SCV  
  15  0:36  Refinery  
  15  0:41  Barracks  
  15  0:44  SCV  
  16  0:53  Refinery  
  16  0:56  SCV  
  17  1:08  SCV  
  18  1:20  SCV  
  19  1:34  Marine  
  19  1:39  Factory  
  20  1:54  Marine  
  21  2:06  Orbital Command  
  20  2:19  Barracks Reactor  
  20  2:32  Supply Depot  
  20  2:33  SCV  
  20  2:37  Factory Tech Lab  
  21  2:44  Barracks  
  21  2:49  Barracks, SCV  
  22  2:56  Siege Tank  
  25  2:59  Supply Depot  
  25  3:02  SCV, Marine  
  25  3:03  Marine  
  28  3:19  SCV  
  29  3:20  Marine  
  29  3:21  Marine  
  29  3:24  Supply Depot  
  31  3:28  Siege Tank  
  34  3:35  Barracks Reactor  
  34  3:38  Barracks Reactor  
  34  3:46  SCV  
  34  3:47  Engineering Bay  
  35  3:50  Marine  
  35  3:51  Marine  
  37  4:03  Supply Depot  
  37  4:09  Marine  
  38  4:13  Marine  
  38  4:14  Marine x2, Missile Turret  
  38  4:15  Marine  
  42  4:24  Siege Tank, Marine  
  46  4:32  Supply Depot  
  46  4:33  Marine  
  47  4:40  Marine x3  
  50  4:49  Marine x2  
  52  4:56  Siege Tank  
  55  5:00  Supply Depot  
  55  5:03  Marine  
  55  5:05  Marine  
  57  5:09  Marine  
  57  5:12  Marine  
  59  5:25  Missile Turret  
  58  5:38  Siege Tank, Marine x2  
  58  5:39  Marine x4  
  67  5:49  Missile Turret  
  62  6:03  Marine x2  
  62  6:04  Marine x2  
  40  6:12  Marine x2  
  37  6:21  Marine x4  
  41  6:29  Marine  
  41  6:30  Marine  
  43  6:34  Barracks  
  43  6:39  Marine  
  44  6:49  Marine x4  
  44  6:53  Terran Infantry Weapons Level 1  
  48  6:59  Marine x2  
  50  7:07  Marine  
  51  7:10  Marine  
  52  7:18  Marine x3  
  52  7:22  Barracks Reactor  
  55  7:23  Marine  
  55  7:27  Marine  
  57  7:38  Marine x3  
  57  7:40  Marine  
  61  7:45  Marine  
  61  7:47  Marine  
  63  7:53  Orbital Command  
  63  7:56  Marine  
  64  8:01  Marine  
  65  8:34  Marine x6  
  62  8:37  Marine  
  68  8:46  Marine  
  69  8:51  Marine  
  69  8:52  Marine  
  69  8:54  Marine x5  
Tags
 
Add a new tag
Caveats
  • Supply blocks, unpowered buildings, or Contaminate may cause inaccurate times.
  • Supply counts are checked every 10 seconds.